 Dungeon Crawl Stone Soup version 0.22.1-2-g9c5b331383 (webtiles) character file.

2515 Marnok the Carver (level 9, -2/79 HPs)
             Began as a Minotaur Fighter on Dec 23, 2018.
             Slain by Grum
             ... wielding a -1 spear of piercing
              (3 damage)
             ... on level 8 of the Dungeon.
             The game lasted 00:23:30 (4365 turns).

Marnok the Carver (Minotaur Fighter)                Turns: 4365, Time: 00:23:31

Health: -2/79      AC:  8    Str: 22    XL:     9   Next: 29%
Magic:  8/8        EV: 12    Int:  5    God:
Gold:   269        SH: 11    Dex: 12    Spells: 8/8 levels left

rFire    . . .     SeeInvis .   a - +0 long sword
rCold    . . .     Gourm    .   c - +0 shield
rNeg     . . .     Faith    .   h - +0 troll leather armour {Purgy}
rPois    .         Spirit   .   (helmet restricted)
rElec    .         Reflect  .   (no cloak)
rCorr    .         Harm     .   i - +2 pair of gloves
MR       .....                  (no boots)
Stlth    ++........             (no amulet)
HPRegen  0.63/turn              (no ring)
MPRegen  0.11/turn              (no ring)

@: no status effects
A: retaliatory headbutt, horns 2
a: no special abilities


You were on level 8 of the Dungeon.
You were not hungry.

You visited 1 branch of the dungeon, and saw 9 of its levels.
You also visited: Sewer.

You collected 269 gold pieces.

Inventory:

Hand Weapons
 a - a +0 long sword (weapon)
 o - a +0 antimagic glaive
 q - a +0 dagger of venom
 r - a cursed -3 blowgun
 w - a +0 long sword
 y - a +1 rapier of draining
 C - the cursed +1 great sword "Niwuon" {venom, Fragile MR+ Str+8, unknown}
   (You found it on level 6 of the Dungeon)

   It poisons the flesh of those it strikes.
   It affects your strength (+8).
   It affects your resistance to hostile enchantments.
   It will be destroyed if unequipped.
   It has a curse placed upon it.
 F - a cursed -3 dagger
 H - a +4 glaive
Missiles
 s - 7 poisoned needles
 G - 3 tomahawks of returning (quivered)
Armour
 b - a +0 scale mail
 c - a +0 shield (worn)
 h - a +0 troll leather armour (worn) {Purgy}
 i - a +2 pair of gloves (worn)
 E - a +0 pair of boots
Jewellery
 g - an uncursed ring of teleportation
 u - the amulet of Ritat {Regen+ SInv, unknown}
   (You found it on level 5 of the Dungeon)

   [amulet of regeneration]

   It lets you see invisible.
   It increases your rate of regeneration.
 A - a +2 ring of evasion {unknown}
Wands
 D - a wand of paralysis (11)
Scrolls
 e - 3 scrolls of remove curse
 k - 2 scrolls of identify
 l - a scroll of amnesia
 p - 4 scrolls of teleportation {unknown}
 x - 2 scrolls of magic mapping
Potions
 m - a potion of mutation {unknown}
 n - a potion of invisibility {unknown}
 v - 3 potions of degeneration {unknown}
 z - a potion of agility
 B - a potion of brilliance {unknown}
Comestibles
 d - 5 chunks of flesh
 f - 10 rations


   Skills:
 + Level 7.1 Fighting
 + Level 9.5 Long Blades
 + Level 5.9 Armour
 + Level 4.2 Dodging
 + Level 2.4 Stealth
 + Level 7.7 Shields


You had 8 spell levels left.
You didn't know any spells.
Your spell library was empty.

Dungeon Overview and Level Annotations

Branches:
Dungeon (9/15)             Temple (0/1) D:6
   Lair: D:8-11         Orc: D:9-12

Altars:
Makhleb
Nemelex Xobeh
Xom

Shops:
D:8 }

Annotations:
D:3 1 runed door
D:8 Erica, Grum


Innate Abilities, Weirdness & Mutations

You reflexively headbutt those who attack you in melee.
You have a pair of horns on your head.


Message History

* * * LOW HITPOINT WARNING * * *
x2 You feel better.
You block Grum's attack.
You feel better. You block Grum's attack.
You miss Grum.
Grum is heavily wounded.
Grum hits you with a spear of piercing!
* * * LOW HITPOINT WARNING * * *
x2 You feel better.
Grum hits you with a spear of piercing!
* * * LOW HITPOINT WARNING * * *
x2 You barely miss Grum.
You headbutt Grum.
Grum is severely wounded.
You block Grum's attack.
You closely miss Grum.
Grum is severely wounded.
Grum hits you but does no damage.
You hit Grum. Your headbutt misses Grum.
Grum is almost dead.
Grum hits you with a spear of piercing!
* * * LOW HITPOINT WARNING * * *
You die...

#.#.# .....
#.#.. ....
######.#
#......# #####
#....#######
....#
#........... ...
#...........
#.###..$......._
#..@g..........[
#####...........
#...........
#....#######
#....# .....#
....### ....#
....+


You could see Grum.

Vanquished Creatures
  A wyvern (D:8)
  Purgy (Sewer)
  An ice beast (D:7)
  2 orc warriors
  3 ogres
  2 wolves (D:8)
  A centaur (D:5)
  4 bullfrogs
  2 scorpions
  A howler monkey (D:6)
  A hound (D:7)
  2 bullfrog zombies
  A centaur zombie (D:3)
  A jelly (D:4)
  3 centaur skeletons
  4 orc priests
  2 bullfrog skeletons (D:4)
  3 orc wizards
  3 iguanas
  2 worker ants
  A hound zombie (D:6)
  A worker ant zombie (D:7)
  4 gnolls (D:5)
  5 adders
  A river rat (D:4)
  A shadow imp (D:5)
  2 oozes
  4 worms
  A dart slug (D:1)
  3 leopard geckos
  26 orcs
  2 bats (D:1)
  4 giant cockroaches
  6 goblins (D:1)
  3 hobgoblins
  6 kobolds
  3 quokkas
  A ball python (D:4)
  5 frilled lizards
  A giant cockroach zombie (D:5)
  2 leopard gecko zombies
  3 rats (D:1)
  A plant (D:1)
126 creatures vanquished.

Notes
Turn   | Place    | Note
-------+----------+-------------------------------------------
     0 | D:1      | Marnok the Minotaur Fighter began the quest for the Orb.
     0 | D:1      | Reached XP level 1. HP: 19/19 MP: 0/0
   152 | D:1      | Reached XP level 2. HP: 23/27 MP: 1/1
   660 | D:3      | Reached XP level 3. HP: 34/34 MP: 2/2
   696 | D:3      | Reached skill level 3 in Long Blades
   705 | D:3      | Reached XP level 4. HP: 24/41 MP: 3/3
   959 | D:3      | Found a runed door.
   984 | D:4      | Reached skill level 1 in Dodging
   984 | D:4      | Reached XP level 5. HP: 25/47 MP: 4/4
   989 | D:4      | Reached skill level 4 in Long Blades
  1240 | D:4      | Reached skill level 5 in Shields
  1245 | D:4      | Reached XP level 6. HP: 51/55 MP: 5/5
  1253 | D:4      | Reached skill level 5 in Armour
  1481 | D:4      | Reached skill level 5 in Fighting
  1481 | D:4      | Reached skill level 5 in Long Blades
  1492 | D:4      | Found a glowing drain.
  1512 | Sewer    | Entered a sewer
  1597 | Sewer    | Noticed Purgy
  1601 | Sewer    | Killed Purgy
  1601 | Sewer    | Reached XP level 7. HP: 61/61 MP: 6/6
  1865 | D:5      | Entered Level 5 of the Dungeon
  2114 | D:5      | Found a burning altar of Makhleb.
  2278 | D:5      | Found a shimmering altar of Xom.
  2333 | D:5      | Got a clouded zirconium amulet
  2498 | D:6      | Reached skill level 6 in Long Blades
  2843 | D:6      | Got an ichor-stained great sword
  2852 | D:6      | Reached skill level 1 in Stealth
  2946 | D:6      | Found a staircase to the Ecumenical Temple.
  2965 | D:6      | Reached XP level 8. HP: 67/69 MP: 7/7
  3104 | D:7      | Reached skill level 7 in Long Blades
  3568 | D:7      | Reached skill level 8 in Long Blades
  4127 | D:8      | Found Peli's Gadget Emporium.
  4241 | D:8      | Reached skill level 9 in Long Blades
  4241 | D:8      | Reached XP level 9. HP: 78/78 MP: 8/8
  4334 | D:8      | Found a sparkling altar of Nemelex Xobeh.
  4335 | D:8      | Noticed Grum
  4335 | D:8      | Noticed Erica
  4356 | D:8      | Identified a scroll of acquirement
  4365 | D:8      | HP: 1/79 [Grum/spear of piercing (10)]
  4365 | D:8      | Slain by Grum

Skill      XL: |  1  2  3  4  5  6  7  8  9 |
---------------+----------------------------+-----
Armour         | 4 5 |  5.9
Fighting       | 4 5 6 7 |  7.1
Long Blades    | 3 4 5 6 9 |  9.5
Shields        | 4 5 6 7 |  7.7
Dodging        | 1 2 3 4 |  4.2
Stealth        | 1 2 |  2.4

Action                   |  1- 3 |  4- 6 |  7- 9 || total
-------------------------+-------+-------+-------++-------
Melee: Long sword        |    78 |    76 |   235 ||   389
       Headbutt          |    17 |    22 |    58 ||    97
  Use: Scroll            |     3 |     3 |     1 ||     7
       Potion            |       |     1 |     7 ||     8
 Stab: Sleeping          |       |       |     6 ||     6
  Eat: Ration            |       |     1 |     1 ||     2
       Chunk             |       |       |     5 ||     5
Armor: Scale mail        |    27 |    38 |       ||    65
       Troll leather arm |       |       |    46 ||    46
Dodge: Dodged            |    16 |    28 |    84 ||   128
Block: Shield            |    34 |    40 |    96 ||   170
       Rpst.: Long sword |     5 |     5 |    24 ||    34
